 Dungeon Crawl Stone Soup version 0.31-a0-986-g5e6e4ef867 (webtiles) character file.

Game seed: 4848015336428399895

11316 Fodor the Basher (level 11, -10/97 HPs)
             Began as a Minotaur Fighter on Nov 9, 2023.
             Was an Initiate of Gozag.
             Mangled by a stone giant (28 damage)
             ... on level 11 of the Dungeon.
             The game lasted 00:58:22 (9831 turns).

Fodor the Basher (Minotaur Fighter)                 Turns: 9831, Time: 00:58:23

Health: -10/97     AC: 19    Str: 25    XL:     11   Next: 47%
Magic:  10/10      EV:  8    Int:  5    God:    Gozag
Gold:   910        SH:  5    Dex: 10    Spells: 10/10 levels left

rFire   . . .        G - +4 flail (heavy)
rCold   . . .        c - +0 buckler
rNeg    . . .        I - +0 plate armour
rPois   .            (helmet restricted)
rElec   .            (no cloak)
rCorr   .            v - +0 pair of gloves
SInv    +            r - +1 pair of boots
Will    .....        s - amulet of regeneration Stlth
                     M - ring of flight
HPRegen 1.16/turn    n - ring of see invisible
MPRegen 0.12/turn

%: no passive effects
@: flying
A: horns 2, retaliatory headbutt
a: Renounce Religion, Potion Petition, Call Merchant, Bribe Branch


You were on level 11 of the Dungeon.
You worshipped Gozag.
Gozag was pleased with you.
You visited 2 branches of the dungeon, and saw 12 of its levels.

You collected 1519 gold pieces.
You spent 530 gold pieces at shops.
You paid 79 gold pieces to Gozag.

Inventory:

Hand Weapons
 G - a +4 heavy flail (weapon)
 J - a +0 battleaxe
 Q - a +2 orcbow of freezing
 X - a +2 dire flail
Missiles
 g - 5 boomerangs
 k - 2 throwing nets
 p - 54 poisoned darts
 T - 2 javelins (quivered)
Armour
 c - a +0 buckler (worn)
 r - a +1 pair of boots (worn)
 v - a +0 pair of gloves (worn)
 I - a +0 plate armour (worn)
Jewellery
 n - a ring of see invisible (right hand)
 s - an amulet of regeneration (around neck)
 M - a ring of flight (left hand)
Wands
 a - a wand of flame (11)
 b - a wand of paralysis (13)
 x - a wand of quicksilver (15)
 C - a wand of mindburst (19)
 D - a wand of polymorph (8)
 E - a wand of digging (3)
 S - a wand of roots (8)
Scrolls
 e - 3 scrolls of revelation
 i - a scroll of summoning
 o - 5 scrolls of teleportation
 t - 4 scrolls of blinking
 u - 2 scrolls of vulnerability
 y - 3 scrolls of brand weapon {unknown}
 z - 3 scrolls of immolation
 A - 2 scrolls of torment
 B - 2 scrolls of fog
 F - 2 scrolls of noise {unknown}
 K - 2 scrolls of fear
 L - a scroll of silence {unknown}
 P - 2 scrolls of poison
 R - a scroll of amnesia
Potions
 d - 2 potions of might
 f - 3 potions of brilliance {unknown}
 h - 2 potions of invisibility {unknown}
 j - a potion of mutation {unknown}
 l - 2 potions of curing {unknown}
 m - 3 potions of attraction {unknown}
 q - 3 potions of haste {unknown}
 w - 3 potions of heal wounds {unknown}
 H - 2 potions of ambrosia {unknown}
 N - a potion of berserk rage {unknown}
 O - a potion of enlightenment {unknown}
 U - a potion of degeneration {unknown}
 V - a potion of resistance {unknown}
 W - a potion of lignification {unknown}


   Skills:
 + Level 9.0 Fighting
 + Level 9.6(12.0) Axes
 + Level 11.7(13.0) Maces & Flails
 + Level 1.1 Throwing
 + Level 11.4 Armour
 + Level 3.6 Dodging
 + Level 0.4 Stealth
 + Level 8.1 Shields
 + Level 0.3 Evocations


You had 10 spell levels left.
You didn't know any spells.
Your spell library contained the following spells:

 Spells                   Type           Power      Damage    Failure   Level
 Freeze                   Ice            0%         1d3       99%         1
 Magic Dart               Conj           0%         1d3       99%         1
 Sandblast                Erth           0%         2d4       99%         1
 Ensorcelled Hibernation  Hex/Ice        0%         N/A       100%        2
 Poisonous Vapours        Pois/Air       0%         N/A       100%        2
 Searing Ray              Conj           0%         2d4       100%        2
 Ignite Poison            Fire/Tmut/Pois 0%         N/A       100%        3
 Mephitic Cloud           Conj/Pois/Air  0%         N/A       100%        3
 Fulminant Prism          Conj/Hex       0%         3d5       100%        4
 Freezing Cloud           Conj/Ice/Air   0%         6-21      100%        5
 Metabolic Englaciation   Hex/Ice        0%         N/A       100%        5


Dungeon Overview and Level Annotations

Branches:
Dungeon (11/15)            Temple (1/1) D:7            Lair (0/5) D:10
    Orc: D:9-12

Altars:
Ashenzari
Cheibriados
Dithmenos
Elyvilon
Fedhas
Gozag
Hepliaklqana
Kikubaaqudgha
Makhleb
Nemelex Xobeh
Okawaru
Qazlal
Ru
Sif Muna
Trog
Uskayaw
Vehumet
Wu Jian
Xom
Yredelemnul
Zin
The Shining One

Shops:
D:5 *


Innate Abilities, Weirdness & Mutations

You have a pair of horns on your head.
You reflexively headbutt those who attack you in melee.


Message History

The tengu warrior hits you but does no damage.
The tengu warrior pecks you but does no damage.
The tengu warrior claws you.
The tengu warrior attacks as it pursues you!
The tengu warrior hits you but does no damage.
You block the tengu warrior's attack. The tengu warrior closely misses you.
You beat the tengu warrior like a drum!!!
You kill the tengu warrior!
You now have 910 gold pieces (gained 7).
Things that are here:
a +2 dire flail; a +0 ring mail
There is an open door, spattered with blood here.
There is an open door, spattered with blood here.
Things that are here:
a +2 dire flail; a +0 ring mail
X - a +2 dire flail You reach down and open the door.
You sock the stone giant! You headbutt the stone giant.
The stone giant is lightly wounded.
The stone giant hits you.
The stone giant hits you but does no damage.
You hit the stone giant but do no damage.
The stone giant is lightly wounded.
The stone giant hits you!!
You bludgeon the stone giant!!
The stone giant is moderately wounded.
The stone giant hits you!!
You hit the stone giant but do no damage.
The stone giant is moderately wounded.
The stone giant closely misses you.
You hit the stone giant.
The stone giant is heavily wounded.
The stone giant hits you!!
* * * LOW HITPOINT WARNING * * *
You hit the stone giant. You headbutt the stone giant!
The stone giant is heavily wounded.
The stone giant hits you but does no damage.
The stone giant hits you!!
You die...
Your body crumbles into a pile of gold.

#### ..#
##########.#
#..#..#..'.#
#.@'..'..#.#
##C#######.###
#..#
#.#.######
#..#
#.#.......
##+#
#.#.......
#.........
#.###.#### #..
#.#...
....#.#...


You could see a stone giant.

Vanquished Creatures
  A tengu warrior (D:11)
  Pikel (D:9)
  A manticore (D:11)
  2 cyclopes (D:11)
  Psyche (D:8)
  A kobold demonologist (D:10)
  4 trolls
  A hornet (D:10)
  A wraith (D:9)
  A ynoxinul (D:10)
  15 yaks
  3 wyverns (D:10)
  A steam dragon (D:6)
  Edmund (D:6)
  3 water moccasins (D:10)
  2 ice beasts
  The ghost of Wiilli the Ducker, an amateur SpVM (D:5)
  2 orc warriors
  3 sky beasts
  5 black bears
  The ghost of Zdeegee the Shield-Bearer, an amateur FoFi (D:3)
  7 centaurs
  An ogre (D:6)
  3 lemures (D:9)
  A phantom (D:6)
  5 kobold brigands
  Blork the orc (D:5)
  2 bullfrogs
  A scorpion (D:10)
  A gnoll sergeant (D:9)
  7 wights
  6 killer bees (D:9)
  4 hounds
  2 gnoll boudas
  6 orc priests
  A sleepcap (D:5)
  Natasha (D:2)
  Ijyb (D:4)
  8 orc wizards
  16 gnolls
  6 adders
  A shadow imp (D:8)
  3 white imps
  2 ufetubi (D:6)
  2 worms
  2 dart slugs
  26 orcs
  8 endoplasms
  2 giant cockroaches
  6 goblins
  13 hobgoblins
  2 jackals (D:1)
  31 kobolds
  3 quokkas
  6 ball pythons
  2 bats
  6 frilled lizards
  11 rats
257 creatures vanquished.

Notes
Turn   | Place    | Note
-------+----------+-------------------------------------------
     0 | D:1      | Fodor the Minotaur Fighter began the quest for the Orb.
     0 | D:1      | Reached XP level 1. HP: 19/19 MP: 0/0
   411 | D:1      | Reached XP level 2. HP: 10/27 MP: 1/1
   997 | D:1      | Reached XP level 3. HP: 33/33 MP: 2/2
  1310 | D:2      | Reached skill level 5 in Armour
  1439 | D:2      | Found a faded altar of an unknown god.
  1494 | D:2      | Reached XP level 4. HP: 37/40 MP: 3/3
  1913 | D:2      | Noticed Natasha
  1920 | D:2      | Killed Natasha
  2004 | D:3      | Reached XP level 5. HP: 46/46 MP: 4/4
  2333 | D:3      | Found a transporter.
  2336 | D:3      | Noticed Zdeegee's ghost (amateur FoFi)
  2492 | D:3      | Found a transporter.
  2667 | D:4      | Noticed Ijyb
  2678 | D:4      | Killed Ijyb
  2901 | D:4      | Identified the +5 ring mail "Ajioth" {rElec Str-2 SInv}
  3170 | D:4      | Reached skill level 5 in Axes
  3322 | D:4      | Noticed a black bear
  3334 | D:4      | Killed a black bear
  3335 | D:4      | Reached XP level 6. HP: 26/53 MP: 5/5
  3634 | D:5      | Identified the of Oledetou
  3634 | D:5      | Entered Level 5 of the Dungeon
  3655 | D:5      | Reached skill level 1 in Dodging
  3679 | D:5      | Noticed Blork the orc
  3693 | D:5      | Killed Blork the orc
  3798 | D:5      | Found Huibb's General Store.
  3863 | D:5      | Reached XP level 7. HP: 60/60 MP: 6/6
  3889 | D:5      | Found a runed translucent gate.
  3889 | D:5      | Found a runed translucent gate.
  3889 | D:5      | Noticed Wiilli's ghost (amateur SpVM)
  3891 | D:5      | Found a runed translucent gate.
  3891 | D:5      | Identified the +6 short sword "Tuotopoo" {heavy, rElec rF-
                  | rN+ Int+3}
  3971 | D:5      | Identified the +0 ring mail "Jaomasis" {rPois rF- Str+3
                  | Int+7}
  4004 | D:5      | Found a white marble altar of Elyvilon.
  4412 | D:6      | Reached skill level 5 in Fighting
  4524 | D:6      | Noticed Edmund
  4534 | D:6      | Killed Edmund
  4535 | D:6      | Reached XP level 8. HP: 59/68 MP: 7/7
  4729 | D:6      | Reached skill level 5 in Shields
  5073 | D:6      | Reached skill level 1 in Maces & Flails
  5475 | D:7      | Reached XP level 9. HP: 75/75 MP: 8/8
  5504 | D:7      | Found a stormy altar of Qazlal.
  5836 | D:7      | Noticed a troll
  5844 | D:7      | Killed a troll
  6208 | D:7      | Found a staircase to the Ecumenical Temple.
  6220 | Temple   | Entered the Ecumenical Temple
  6241 | Temple   | Became a worshipper of Gozag Ym Sagoz the Greedy
  6797 | D:8      | Noticed Psyche
  6802 | D:8      | Killed Psyche
  6803 | D:8      | Reached skill level 5 in Maces & Flails
  7441 | D:8      | Reached XP level 10. HP: 86/86 MP: 9/9
  7690 | D:3      | Killed Zdeegee's ghost
  7812 | D:5      | Bought a wand of paralysis (6) for 201 gold pieces
  7812 | D:5      | Bought a scroll of amnesia for 56 gold pieces
  7812 | D:5      | Bought a scroll of revelation for 105 gold pieces
  7812 | D:5      | Bought a wand of roots (5) for 168 gold pieces
  7885 | D:5      | Killed Wiilli's ghost
  8009 | D:9      | Noticed Pikel
  8018 | D:9      | Killed Pikel
  8355 | D:9      | Found a shimmering altar of Xom.
  8630 | D:9      | Reached skill level 10 in Maces & Flails
  8649 | D:9      | You are sucked into a shaft and drop 1 floor!
  8649 | D:10     | Identified the of Qerafo
  8649 | D:10     | Identified the "Kugecwok"
  8649 | D:10     | Identified the of Xaihul
  8649 | D:10     | Entered Level 10 of the Dungeon
  8669 | D:10     | Reached skill level 10 in Armour
  8769 | D:10     | Reached skill level 1 in Throwing
  8794 | D:10     | Noticed a sun demon
  8795 | D:10     | Noticed a soul eater
  8796 | D:10     | Reached XP level 11. HP: 40/95 MP: 10/10
  8934 | D:10     | Found a sparkling altar of Nemelex Xobeh.
  8984 | D:10     | Found an ancient bone altar of Kikubaaqudgha.
  9168 | D:10     | Found a staircase to the Lair.
  9229 | D:10     | Found a shimmering blue altar of Sif Muna.
  9295 | D:10     | Found a bloodstained altar of Trog.
  9317 | D:10     | Found a basalt altar of Yredelemnul.
  9811 | D:11     | Found a runed translucent door.
  9811 | D:11     | Noticed a tengu warrior
  9812 | D:11     | Noticed a stone giant
  9817 | D:11     | Killed a tengu warrior
  9831 | D:11     | Mangled by a stone giant

Illustrated notes

Levels and vault maps discovered:
D:1:      dpeg_arrival_ratfight, layout_basic, minmay_indecisive_spiral
D:2:      layout_loops_cross, shapermc_ecumenical_altar_mp_vishouse,
          uniq_natasha
D:3:      layout_loops_cross, gammafunk_ghost_arena, serial_bayou_ford_a
D:4:      layout_basic, grunt_ministairs_3, uniq_ijyb
D:5:      nicolae_cairo_tiling_very_big, layout_rooms,
          mainiacjoe_overflow_alcove_2, gammafunk_ghost_nasty_kobolds,
          minmay_misc_feat_encased, minmay_shop_grid_forest, uniq_blork_the_orc
D:6:      nicolae_BIG_FREAKIN_CUBE, layout_gridville, billiards_dpeg,
          uniq_edmund
D:7:      layout_layer_cave, nicolae_qazlal_eye_of_the_storm,
          minmay_temple_entry_grid
D:8:      layout_basic, uniq_psyche
D:9:      layout_roguey, lemuel_coloured_pillars_altar,
          minmay_orc_entry_guard_dogs, uniq_pikel
D:10:     layout_cave_pools, mainiacjoe_overflow_small_starburst,
          mainiacjoe_overflow_alcove_1, kennysheep_mini_moat,
          nzn_overflow_gifts_of_might_and_magic, minmay_lair_entry_grove,
          nicolae_twisty_statue_hallways
D:11:     layout_irregular_city, amethyst_killhole, minivault_13
Temple:   nicolae_temple_great_sept

Skill      XL: |  1  2  3  4  5  6  7  8  9 10 11 |
---------------+----------------------------------+-----
Armour         | 4 5 6 7 9 10 11 | 11.4
Fighting       | 4 5 6 7 8 9 |  9.0
Axes           | 3 4 5 6 8 9 |  9.6
Shields        | 4 5 6 7 8 |  8.1
Dodging        | 1 2 3 |  3.6
Maces & Flails | 3 7 10 11 | 11.7
Throwing       | 1 |  1.1
Stealth        | |  0.4
Evocations     | |  0.3

Action                     |  1- 3 |  4- 6 |  7- 9 | 10-12 || total
---------------------------+-------+-------+-------+-------++-------
  Melee: War axe           |    73 |   112 |    63 |       ||   248
         Headbutt          |    12 |    16 |    44 |    35 ||   107
         Flail             |       |       |   135 |   227 ||   362
  Throw: Javelin           |       |       |       |     6 ||     6
  Evoke: Wand              |       |       |       |     4 ||     4
    Use: Scroll            |       |       |    10 |     3 ||    13
 Armour: Scale mail        |    53 |    43 |       |       ||    96
         Ring mail         |       |    59 |    63 |       ||   122
         Skin              |       |     6 |       |       ||     6
         Plate armour      |       |       |   179 |   362 ||   541
  Dodge: Dodged            |    44 |    69 |   110 |   145 ||   368
  Block: Buckler           |    12 |    29 |    63 |   113 ||   217

Table legend: (Time is in decaauts)
 A = Elapsed time spent in this place.
 B = Non-inter-level travel time spent in this place.
 C = Inter-level travel time spent in this place.
 D = Time resting spent in this place.
 E = Time spent auto-exploring this place.
 F = Levels seen in this place.
 G = Mean time per level.
                   A        B        C        D        E       F      G
               +--------+--------+--------+--------+--------+-----+--------+
         Total |  10062 |   9562 |    500 |    837 |      0 |  12 |  838.5 |
       Dungeon |  10030 |   9530 |    500 |    837 |      0 |  11 |  911.8 |
        Temple |     31 |     31 |      0 |      0 |      0 |   1 |   31.0 |
               +--------+--------+--------+--------+--------+-----+--------+

Top non-repeatable levels by time:
     D:7: 1384 daAuts
     D:1: 1293 daAuts
     D:6: 1183 daAuts
     D:4: 996 daAuts
     D:8: 929 daAuts
    D:10: 874 daAuts
     D:3: 818 daAuts
     D:5: 790 daAuts
     D:2: 734 daAuts
     D:9: 685 daAuts
    D:11: 338 daAuts
  Temple: 31 daAuts
